 Dungeon Crawl Stone Soup version 0.22-a0-433-gd2a9cce (webtiles) character file.

14332 Borgoz the Nimble (level 12, -1/103 HPs)
             Began as a Ghoul Gladiator on May 27, 2018.
             Was a High Priest of Okawaru.
             Slain by a cyclops (12 damage)
             ... on level 11 of the Dungeon on May 28, 2018.
             The game lasted 00:35:47 (12043 turns).

Borgoz the Nimble (Ghoul Gladiator)                Turns: 12043, Time: 00:35:48

Health: -1/103     AC: 14    Str: 20    XL:     12   Next: 15%
Magic:  11/11      EV: 13    Int:  3    God:    Okawaru [*****.]
Gold:   870        SH:  4    Dex: 16    Spells: 11/11 levels left

rFire    + . .     SeeInvis .     - Unarmed
rCold    + + +     Gourm    .   G - +0 buckler {rC+ rF+}
rNeg     + + +     Faith    .   h - +1 chain mail {rC+}
rPois    ∞         Spirit   .   b - +0 helmet
rElec    .         Reflect  .   (no cloak)
rCorr    .         Harm     .   (no gloves)
MR       +....                  (no boots)
Stlth    ..........             (no amulet)
HPRegen  0.00/turn              f - +3 ring of dexterity
MPRegen  0.12/turn              C - ring of protection from magic

@: rotting
A: rotting body, claws 1, carnivore, cold resistance 1, negative energy
resistance 3, inhibited regeneration, torment resistance, unbreathing
a: Heroism, Finesse, Renounce Religion


You were on level 11 of the Dungeon.
You worshipped Okawaru.
Okawaru was extremely pleased with you.
You were not hungry.

You visited 2 branches of the dungeon, and saw 12 of its levels.
You also visited: Ice Cave.

You collected 870 gold pieces.

Inventory:

Hand Weapons
 j - the +12 morningstar of Monotheism {antimagic, rF+ rC+ rN+ Dex-5, unknown}
   (Okawaru gifted it to you on level 9 of the Dungeon)

   It reduces the magical energy of the wielder, and disrupts the spells and
   magical abilities of those hit.
   Natural abilities and divine invocations are not affected.
   It affects your dexterity (-5).
   It protects you from fire.
   It protects you from cold.
   It protects you from negative energy.
 E - a +1 dagger of distortion
 H - the +6 spear of the Seven Runes {drain, +Blink Dex+3, unknown}
   (You found it in an ice cave)

   A truly terrible weapon, it drains the life of those it strikes.
   It affects your dexterity (+3).
   It lets you blink.
Missiles
 c - 5 throwing nets (quivered)
Armour
 b - a +0 helmet (worn)
 h - a +1 chain mail of cold resistance (worn)
 B - the +1 buckler "Kuotisma" {rC+ rN+}
   (You found it on level 7 of the Dungeon)

   It protects you from cold.
   It protects you from negative energy.
 G - a +0 buckler of resistance (worn)
Jewellery
 f - a +3 ring of dexterity (left claw)
 m - an uncursed ring of protection from cold
 s - a +1 ring of evasion
 u - an uncursed ring of ice
 z - an uncursed ring of protection from fire
 C - a ring of protection from magic (right claw)
Wands
 g - a wand of acid (6)
 w - a wand of random effects (25)
 y - a wand of disintegration (9)
 F - a wand of flame (33)
Scrolls
 i - 2 scrolls of teleportation
 k - a scroll of fear
 l - 3 scrolls of enchant weapon
 n - 3 scrolls of magic mapping
 q - 7 scrolls of remove curse
 r - 4 scrolls of amnesia
 t - a scroll of vulnerability
 v - 7 scrolls of enchant armour
 x - 2 scrolls of blinking
 D - a scroll of summoning
Potions
 a - 3 potions of flight
 o - a potion of magic
 p - 3 potions of curing
 A - 2 potions of resistance
 J - a potion of agility
Comestibles
 d - 30 rations
 I - 6 chunks of flesh


   Skills:
 + Level 8.9 Fighting
 - Level 1.7 Throwing
 * Level 10.3 Armour
 * Level 10.6 Dodging
 + Level 0.8 Shields
 + Level 9.2 Unarmed Combat


You had 11 spell levels left.
You didn't know any spells.
Your spell library contained the following spells:

 Spells                   Type           Power        Failure   Level  Hunger
 Apportation              Tloc           #.....       100%        1    ##.....
 Confuse                  Hex            #.......     100%        3    ####...
 Summon Small Mammal      Summ           #...         100%        1    ##.....
 Animate Skeleton         Necr           N/A          100%        1    ##.....
 Tukima's Dance           Hex            #.......     100%        3    ####...
 Confusing Touch          Hex            #.....       100%        1    ##.....
 Ensorcelled Hibernation  Hex/Ice        #.....       100%        2    ###....
 Metabolic Englaciation   Hex/Ice        #.........   100%        5    ######.
 Corona                   Hex            #......      100%        1    ##.....
 Petrify                  Tmut/Erth      #.......     100%        4    #####..
 Dazzling Spray           Conj/Hex       #.....       100%        3    ####...
 Gell's Gravitas          Tloc           #.........   100%        3    ####...
 Yara's Violent Unravell  Hex/Tmut       #.........   100%        5    ######.


Dungeon Overview and Level Annotations

Branches:
Dungeon (11/15)            Temple (1/1) D:4            Lair (0/6) D:10
    Orc (0/2) D:10

Altars:
Ashenzari
Cheibriados
Dithmenos
Elyvilon
Fedhas
Gozag
Hepliaklqana
Kikubaaqudgha
Makhleb
Nemelex Xobeh
Okawaru
Qazlal
Ru
Sif Muna
Trog
Uskayaw
Vehumet
Wu Jian
Xom
Yredelemnul
Zin
The Shining One

Shops:
D:11 *


Innate Abilities, Weirdness & Mutations

Your body is rotting away.
You thrive on raw meat.
You are immune to poison.
You have sharp fingernails.
You are carnivorous and can eat meat at any time.
Your flesh is cold resistant. (rC+)
You are immune to negative energy. (rN+++)
You do not regenerate when monsters are visible.
You are immune to unholy pain and torment.
You can survive without breathing.


Message History

The cyclops is lightly wounded.
The cyclops hits you!
You scratch the cyclops.
The cyclops is moderately wounded.
The wyvern bites you! The cyclops misses you.
Your chain mail prevents you from hitting the cyclops.
The cyclops is moderately wounded.
The wyvern bites you.
* * * LOW HITPOINT WARNING * * *
You scratch the cyclops but do no damage.
The cyclops is moderately wounded.
The wyvern bites you.
* * * LOW HITPOINT WARNING * * *
You block the cyclops's attack.
You claw the cyclops!
The cyclops is heavily wounded.
The wyvern closely misses you. The wyvern bites you!
* * * LOW HITPOINT WARNING * * *
The cyclops hits you!
You die...

.<.#...#..#......#....# *,,,,
...##'##..#......#....#######.,,,
..........#......#....(.......,,,
..........+......#.......#####,,,
..........######.#..(....#,,,*,**
...............###.(.....#,,,*,*,
###...######.............+,,,*,*,
#...# #.............#,,,*,*,
**#...# #....@l.......#,,,+,*,
,,....# #...C.........#,,,*,*+
,,,,,,* #.............#,,,*,,,
,,,,,,*****#.............#****,,,
****,,,,,,................,,,,,,,
*,,,,,.................,,,,,,,
****,,................,,******
***############...,,,* * *,,,,,,*
*


You could see a cyclops and a wyvern.

Vanquished Creatures
  A hydra (D:9)
  2 two-headed ogres
  An unseen horror (D:11)
  2 ugly things (IceCv)
  2 ice statues (IceCv)
  3 trolls
  A hippogriff (D:10)
  2 dream sheep (D:9)
  11 yaks (D:9)
  A hungry ghost (D:6)
  Grum (D:8)
  Menkaure (D:7)
  2 hell hounds (D:10)
  A water moccasin (D:6)
  10 ice beasts
  3 sky beasts
  7 ogres
  5 orc warriors
  An eye of draining (D:8)
  A phantom (D:4)
  2 wolves
  5 centaurs
  5 big kobolds
  2 bullfrogs
  4 scorpions
  8 killer bees
  14 wights
  5 howler monkeys
  2 crimson imps
  The ghost of Gorglomux the Sneak, a weakling SpBe (D:3)
  A quasit (D:10)
  A centaur zombie (D:9)
  7 hounds
  A centaur skeleton (D:9)
  4 gnoll shamans
  3 orc priests
  A jelly (D:9)
  5 iguanas
  15 orc wizards
  Ijyb (D:5)
  9 worker ants
  3 hound zombies
  3 hound skeletons
  2 worker ant zombies
  39 gnolls
  16 adders
  3 shadow imps
  12 white imps (D:11)
  4 oozes
  An adder zombie (D:5)
  2 adder skeletons
  3 worms (D:4)
  4 dart slugs
  4 leopard geckos
  34 orcs
  9 bats
  A bat zombie (D:5)
  7 giant cockroaches
  8 goblins
  10 hobgoblins
  24 jackals
  19 kobolds
  3 quokkas
  6 frilled lizards
  2 leopard gecko skeletons (D:4)
  6 rats
  A rat zombie (D:5)
380 creatures vanquished.

Vanquished Creatures (others)
  An orc wizard (D:5)
  A kobold (D:11)
2 creatures vanquished.

Grand Total: 382 creatures vanquished

Notes
Turn   | Place    | Note
-------+----------+-------------------------------------------
     0 | D:1      | Borgoz the Ghoul Gladiator began the quest for the Orb.
     0 | D:1      | Reached XP level 1. HP: 17/17 MP: 0/0
   333 | D:1      | Reached XP level 2. HP: 24/24 MP: 1/1
   435 | D:1      | Reached skill level 1 in Armour
   633 | D:1      | Reached XP level 3. HP: 28/28 MP: 2/2
  1045 | D:2      | Reached XP level 4. HP: 20/36 MP: 3/3
  1219 | D:2      | Found a blossoming altar of Fedhas.
  1219 | D:2      | Found a sacrificial altar of Ru.
  1219 | D:2      | Found a bloodstained altar of Trog.
  1219 | D:2      | Found a stormy altar of Qazlal.
  1836 | D:3      | Reached XP level 5. HP: 44/44 MP: 4/4
  1865 | D:3      | Found a white marble altar of Elyvilon.
  2038 | D:3      | Noticed Gorglomux's ghost (weakling SpBe)
  2070 | D:3      | Killed Gorglomux's ghost
  2674 | D:3      | Reached XP level 6. HP: 23/51 MP: 5/5
  3334 | D:4      | Reached XP level 7. HP: 24/57 MP: 6/6
  3388 | D:4      | Found a shimmering altar of Xom.
  3389 | D:4      | Found a hazy altar of Hepliaklqana.
  3389 | D:4      | Noticed a death ooze
  3390 | D:4      | Noticed a spectral ugly thing
  3390 | D:4      | Noticed a death ooze
  3579 | D:4      | Reached skill level 5 in Dodging
  3987 | D:4      | Found a staircase to the Ecumenical Temple.
  4039 | Temple   | Entered the Ecumenical Temple
  4223 | Temple   | Became a worshipper of Warmaster Okawaru
  4480 | D:3      | Reached skill level 5 in Unarmed Combat
  4498 | D:3      | Reached XP level 8. HP: 62/66 MP: 7/7
  4941 | D:3      | Reached * piety under Okawaru
  5170 | D:5      | Entered Level 5 of the Dungeon
  5201 | D:5      | Reached skill level 5 in Armour
  5346 | D:5      | Reached skill level 5 in Fighting
  5483 | D:5      | Reached XP level 9. HP: 62/74 MP: 8/8
  5490 | D:5      | Reached ** piety under Okawaru
  5566 | D:5      | Noticed Ijyb
  5610 | D:5      | Killed Ijyb
  5718 | D:5      | Found an ancient bone altar of Kikubaaqudgha.
  5896 | D:6      | Found an opulent altar of Gozag.
  7020 | D:7      | Noticed Menkaure
  7027 | D:7      | Killed Menkaure
  7103 | D:7      | Got a polished buckler
  7326 | D:7      | Reached *** piety under Okawaru
  7398 | D:7      | Identified the +1 buckler "Kuotisma" {rC+ rN+} (You found it on level 7 of the Dungeon)
  7597 | D:7      | Reached XP level 10. HP: 28/84 MP: 9/9
  7849 | D:8      | Noticed Grum
  7976 | D:8      | Received a gift from Okawaru
  7981 | D:8      | Killed Grum
  8178 | D:8      | Noticed a two-headed ogre
  8456 | D:8      | Killed a two-headed ogre
  8710 | D:9      | Reached **** piety under Okawaru
  8815 | D:9      | Found an ornate altar of the Wu Jian Council.
  8923 | D:9      | Found a shattered altar of Ashenzari.
  9007 | D:9      | Reached ***** piety under Okawaru
  9007 | D:9      | Reached XP level 11. HP: 77/92 MP: 10/10
  9035 | D:9      | Noticed a three-headed hydra
  9047 | D:9      | Killed a three-headed hydra
  9047 | D:9      | Received a gift from Okawaru
  9054 | D:9      | Got an iridescent morningstar {god gift}
  9107 | D:9      | Found a glowing golden altar of the Shining One.
  9315 | D:9      | Found a shadowy altar of Dithmenos.
  9443 | D:9      | Found a sparkling altar of Nemelex Xobeh.
  9718 | D:10     | Entered Level 10 of the Dungeon
  9888 | D:10     | Found a staircase to the Orcish Mines.
  9892 | D:10     | Noticed a two-headed ogre
  9904 | D:10     | Killed a two-headed ogre
 10149 | D:10     | Reached skill level 10 in Dodging
 10210 | D:10     | Found a staircase to the Lair.
 10767 | D:11     | Found Tiocab's Assorted Antiques.
 10814 | D:11     | Received a gift from Okawaru
 10849 | D:11     | Found a frozen archway.
 11097 | IceCv    | Entered an ice cave
 11097 | IceCv    | Noticed a white ugly thing
 11111 | IceCv    | Killed a white ugly thing
 11112 | IceCv    | Found a transporter.
 11150 | IceCv    | Reached skill level 10 in Armour
 11266 | IceCv    | Noticed a white ugly thing
 11273 | IceCv    | Killed a white ugly thing
 11287 | IceCv    | Reached XP level 12. HP: 58/103 MP: 11/11
 11648 | IceCv    | Got a brightly glowing spear
 12043 | D:11     | Slain by a cyclops

Vault maps used:
D:1:      elethiomel_arrival_infinity_welcomes_careful_drivers
D:2:      chequers_temple_overflow_statue_of_worship, first_ration
D:3:      lemuel_castle_with_subvaults, elyvilon_altar_5
D:4:      regret_index_temple_of_mockery, minmay_temple_entry_nine_rooms,
          grunt_ministairs_8
D:5:      lemuel_zombie_altar_kikubaaqudgha, uniq_ijyb
D:6:      grunt_gozag_breadcrumbs
D:7:      uniq_menkaure
D:8:      uniq_grum
D:9:      overflow_temple_1_default, lemuel_doored_altar, tso_altar,
          basic_altar, hangedman_ranch, grunt_dithmenos_shadows
D:10:     minmay_lair_entry_lava, orc_0_dummy
D:11:     serial_shops, shop_statue, portal_ice_cave_entry_imps
Temple:   minmay_temple_bridge_abc
IceCv:    ice_cave_statue_garden_teleport

Skill      XL: |  1  2  3  4  5  6  7  8  9 10 11 |
---------------+----------------------------------+-----
Dodging        | 3 4 5 6 7 9 10 | 10.6
Armour         | 1 2 3 4 5 7 8 10 | 10.3
Fighting       | 3 4 5 6 7 8 |  8.9
Unarmed Combat | 4 5 6 7 9 |  9.2
Throwing       | |  1.7
Shields        | |  0.8

Action                   |  1- 3 |  4- 6 |  7- 9 | 10-12 || total
-------------------------+-------+-------+-------+-------++-------
Melee: Unarmed           |    97 |   333 |   656 |   735 ||  1821
       Punch             |     4 |     5 |    19 |    23 ||    51
Invok: Heroism           |       |       |       |     7 ||     7
       Finesse           |       |       |       |     1 ||     1
Evoke: Wand              |       |       |       |     3 ||     3
  Use: Potion            |       |     6 |       |     4 ||    10
       Scroll            |       |       |     9 |    10 ||    19
 Stab: Invisible         |       |       |       |     8 ||     8
  Eat: Chunk             |     3 |    30 |    45 |    87 ||   165
Armor: Leather armour    |    38 |    76 |       |       ||   114
       Chain mail        |       |    24 |   274 |   391 ||   689
Dodge: Dodged            |    55 |   213 |   292 |   625 ||  1185
Block: Buckler           |       |       |       |     4 ||     4

Table legend:
 A = Spawn XP
 B = Non-spawn XP
 C = Spawn XP percentage of total XP
 D = Spawn monster count
 E = Non-spawn monster count
 F = Spawn count percentage of total count
 G = Total turns spent on level
                    A         B        C        D         E        F      G
               +---------+---------+-------+---------+---------+-------+---------
         Total |       0 |   20475 |   0.0 |       0 |     380 |   0.0 | 12043
               +---------+---------+-------+---------+---------+-------+---------
           D:1 |       0 |      45 |   0.0 |       0 |      23 |   0.0 |   875
           D:2 |       0 |      90 |   0.0 |       0 |      24 |   0.0 |   833
           D:3 |       0 |     881 |   0.0 |       0 |      73 |   0.0 |  1889
           D:4 |       0 |     629 |   0.0 |       0 |      31 |   0.0 |  1368
           D:5 |       0 |     861 |   0.0 |       0 |      34 |   0.0 |   629
           D:6 |       0 |     761 |   0.0 |       0 |      15 |   0.0 |  1210
           D:7 |       0 |    1625 |   0.0 |       0 |      37 |   0.0 |   909
           D:8 |       0 |    2021 |   0.0 |       0 |      21 |   0.0 |   843
           D:9 |       0 |    6140 |   0.0 |       0 |      48 |   0.0 |   976
          D:10 |       0 |    2315 |   0.0 |       0 |      21 |   0.0 |   997
          D:11 |       0 |    2342 |   0.0 |       0 |      43 |   0.0 |   743
         IceCv |       0 |    2765 |   0.0 |       0 |      10 |   0.0 |   566
               +---------+---------+-------+---------+---------+-------+---------
